 Dungeon Crawl Stone Soup version 0.30-a0-721-ga6a225cb13 (webtiles) character file.

Game seed: 9824078433340382888

133 kae the Insei (level 4, -6/32 HPs)
             Began as a Demonspawn Transmuter on Jan 27, 2023.
             Was an Initiate of Ru.
             Mangled by an iguana (11 damage)
             ... on level 3 of the Dungeon.
             The game lasted 00:03:43 (2372 turns).

kae the Insei (Demonspawn Transmuter)               Turns: 2372, Time: 00:03:44

Health: -6/32      AC:  2    Str: 10    XL:     4   Next: 94%
Magic:  8/8        EV: 12    Int: 22    God:    Ru [......]
Gold:   140        SH:  0    Dex: 14    Spells: 2/8 levels left

rFire   . . .      SeeInvis .      - Unarmed
rCold   . . .      Faith    .    (no shield)
rNeg    + . .      Spirit   .    a - +0 robe
rPois   .          Reflect  .    (helmet restricted)
rElec   .          Harm     .    (no cloak)
rCorr   .          Rampage  .    (no gloves)
Will    .....                    (no boots)
Stlth   +                        (no amulet)
HPRegen 0.25/turn                I - +6 ring of intelligence
MPRegen 0.11/turn                N - ring of positive energy

@: lethally poisoned (-6 -> -13)
A: hooves 1, horns 1, weakness stinger 1
a: Renounce Religion


You were on level 3 of the Dungeon.
You worshipped Ru.
Ru was noncommittal.
You visited 1 branch of the dungeon, and saw 3 of its levels.

You collected 140 gold pieces.


Innate Abilities, Weirdness & Mutations

You have large cloven feet.
You have a pair of small horns on your head.
You have a small tail.


   Skills:
 - Level 1.0 Fighting
 - Level 1.7 Dodging
 + Level 3.3 Unarmed Combat
 + Level 2.7 Spellcasting
 * Level 3.2 Transmutations
 * Level 1.9 Poison Magic


You had 2 spell levels left.
You knew the following spells:

 Your Spells              Type           Power      Damage    Failure   Level
a - Beastly Appendage     Tmut           34%        N/A       3%          1
b - Wereblood             Tmut           17%        N/A       5%          2
c - Spider Form           Tmut/Pois      14%        N/A       13%         3

Your spell library contained the following spells:

 Spells                   Type           Power      Damage    Failure   Level
 Ensorcelled Hibernation  Hex/Ice        4%         N/A       19%         2
 Ice Form                 Ice/Tmut       10%        N/A       54%         4
 Anguish                  Hex/Necr       1%         N/A       77%         4
 Borgnjor's Revivificati  Necr           1%         N/A       100%        8
 Necromutation            Tmut/Necr      5%         N/A       100%        8
 Death's Door             Necr           1%         N/A       100%        9

Inventory:

Missiles
 d - 3 javelins
 f - 6 stones
 h - 4 poisoned darts
Armour
 a - a +0 robe (worn)
Jewellery
 I - a +6 ring of intelligence (left hand)
   (You found it on level 2 of the Dungeon)
 N - a ring of positive energy (right hand)
   (You found it on level 2 of the Dungeon)
Scrolls
 c - a scroll of teleportation {@r4}
 g - a scroll of acquirement {unknown}
 j - 2 scrolls of identify {@r1}
 k - a scroll of silence {unknown}
Potions
 b - a potion of lignification {!q}
 i - a potion of curing {@q1}

Dungeon Overview and Level Annotations

Branches:
Dungeon (3/15) Zot: 15638

Altars:
Ru

...#.........# ###†#######.
.........##..# #......#..
....##.#..##...# ##.......#
..........##...######....<###
....##.#...##....#........#
... #.##..####..#.###.#### #
#. #..........# #.#
#..#.......###.#
#..l@.......##.####
#..S####...........## #..##
##...# #.... #..# . #....
#..# ##.... ..!.. ........
........ ...###.# #.........#
........ #.......$.. .....###


You could see an iguana and an adder.


Message History

A goblin comes into view. It is wielding a +0 dagger.
Your transformation is almost over.
The goblin unwields a +0 dagger.
The goblin wields a +0 sling.
The goblin shoots a sling bullet.
The sling bullet hits you. 😕 HP[-6] MP[+1]
You take 6 damage, and now have 26/32 hp.
Your mp is fully restored (8).
A goblin is nearby!
A goblin is nearby!
Casting: Beastly Appendage (safe; 3% risk of failure)
Confirm with . or Enter, or press ? or * to list all spells.
You extend your transformation's duration.
The goblin shoots a sling bullet.
The sling bullet hits you.
The goblin shoots a sling bullet.
The sling bullet barely misses you.
You are too injured to fight recklessly!
You are too injured to fight recklessly! 😮 HP[-5] MP[-1]
You take 5 damage, and now have 21/32 hp.
You lost 1 mp, and now have 7/8 mp.
A goblin is nearby!
You are too injured to fight recklessly!
You are too injured to fight recklessly!
A goblin is nearby!
Unknown command.
A goblin is nearby!
The goblin shoots a sling bullet.
The sling bullet closely misses you. 😮 HP[+1]
The goblin shoots a sling bullet.
The sling bullet completely misses you.
The goblin unwields a +0 sling.
The goblin wields a +0 dagger.
The goblin completely misses you.
You barely miss the goblin. The goblin barely misses you.
You hit the goblin.
You kill the goblin!
Things that are here:
a +0 dagger; a +0 sling; 😮 HP[+1] Unknown command.
Your transformation is almost over.
Your talons disappear.
Key pressed, stopping explore.
k - a scroll labelled DAYWKUOHAGH 😎 HP[+9] MP[+1]
Your hp is fully restored (32).
Your mp is fully restored (8).
Unknown command.
You now have 140 gold pieces (gained 9).
j - 2 scrolls of identify {@r1} (gained 1)
An adder comes into view.
An adder is nearby!
An adder is nearby!
An adder is nearby!
The adder hisses angrily.
An iguana comes into view.
The adder barely misses you.
Casting: Beastly Appendage (safe; 3% risk of failure)
Confirm with . or Enter, or press ? or * to list all spells.
Your feet morph into talons.
The iguana hisses angrily.
The adder misses you. The adder bites you. 😕 HP[-3] MP[-1]
You take 3 damage, and now have 29/32 hp.
You lost 1 mp, and now have 7/8 mp.
You hit the iguana. You headbutt the iguana.
Your tail-slap misses the iguana.
The adder barely misses you. The iguana closely misses you.
The adder bites you.
You are poisoned.
The adder poisons you!
You hit the iguana but do no damage.
You feel sick. The iguana bites you!
* * * LOW HITPOINT WARNING * * *
The adder bites you.
* * * LOW HITPOINT WARNING * * *
You are more poisoned.
The adder poisons you! 😨 HP[-18]
You take 18 damage, and now have 11/32 hp.
MASSIVE DAMAGE!! (PAUSE)
The adder attacks as you move away! The adder bites you.
* * * LOW HITPOINT WARNING * * *
x2 You feel sick.
* * * LOW HITPOINT WARNING * * *
You feel sick. 😱 HP[-6]
You take 6 damage, and now have 5/32 hp.
It was a potion of curing.
You feel better. The adder barely misses you. The adder bites you.
* * * LOW HITPOINT WARNING * * *
You are poisoned.
The adder poisons you! 😨 HP[+4]
You regained 4 hp, and now have 9/32 hp.
You feel sick.
Unknown command.
It was a potion of cancellation.
Your magical effects are unravelling.
You feel magically purged.
Your talons disappear.
You feel sick. The adder bites you.
* * * LOW HITPOINT WARNING * * *
You are lethally poisoned!
The adder poisons you! The iguana bites you!
You die...

Skill      XL: |  1  2  3 |
---------------+----------+-----
Transmutations | 2 3 |  3.2
Unarmed Combat | 3 |  3.3
Poison Magic   | 1 |  1.9
Fighting       | |  1.0
Dodging        | |  1.7
Spellcasting   | |  2.7

Action                     |  1- 3 |  4- 6 || total
---------------------------+-------+-------++-------
  Melee: Unarmed           |   105 |    67 ||   172
         Kick              |    19 |     6 ||    25
         Headbutt          |     8 |    10 ||    18
         Tailslap          |    11 |     7 ||    18
         Punch             |     1 |       ||     1
   Cast: Beastly Appendage |    21 |    15 ||    36
         Spider Form       |     2 |     3 ||     5
    Use: Scroll            |     1 |     3 ||     4
         Potion            |       |     6 ||     6
   Stab: Sleeping          |     2 |       ||     2
 Armour: Robe              |    13 |    12 ||    25
         Skin              |       |     2 ||     2
  Dodge: Dodged            |    45 |    65 ||   110

Levels and vault maps discovered:
D:1:      mrwooster_arrival_statue, layout_loops_ring, nrook_mini_backslash,
          st_stairs_1, serial_bayou_lagoon_a
D:2:      layout_basic, basic_altar, uniq_jessica
D:3:      layout_rooms

Notes
Turn   | Place    | Note
-------+----------+-------------------------------------------
     0 | D:1      | kae the Demonspawn Transmuter began the quest for the Orb.
     0 | D:1      | Reached XP level 1. HP: 15/15 MP: 3/3
     0 | D:1      | magus.rc [v1.11.3]
    12 | D:1      | You add the spells Borgnjor's Revivification, Necromutation
                  | and Death's Door to your library.
    47 | D:1      | Reached skill level 2 in Transmutations
   119 | D:1      | You feel monstrous as your demonic heritage exerts itself.
   119 | D:1      | Discovered your monstrous ancestry.
   119 | D:1      | Gained mutation: You have a small tail. [demonic ancestry]
   119 | D:1      | Reached XP level 2. HP: 18/21 MP: 3/5
   363 | D:1      | Reached skill level 3 in Unarmed Combat
   449 | D:1      | Gained mutation: You have a pair of small horns on your
                  | head. [demonic ancestry]
   449 | D:1      | Reached XP level 3. HP: 20/26 MP: 3/6
   452 | D:1      | Learned a level 2 spell: Wereblood
   456 | D:1      | Learned a level 3 spell: Spider Form
   959 | D:2      | HP: 5/26 [goblin/+0 club (3)]
  1240 | D:2      | Noticed Jessica
  1247 | D:2      | Reached skill level 1 in Poison Magic
  1259 | D:2      | Killed Jessica
  1260 | D:2      | Reached skill level 3 in Transmutations
  1260 | D:2      | Gained mutation: You have large cloven feet. [demonic
                  | ancestry]
  1260 | D:2      | Reached XP level 4. HP: 11/32 MP: 4/7
  1386 | D:2      | Found a sacrificial altar of Ru.
  1585 | D:2      | Became a worshipper of Ru the Awakened
  1609 | D:2      | HP: 8/32 [poisoned by miscasting Spider Form]
  1939 | D:3      | You pick up a book of Dreams and begin reading...
  1939 | D:3      | You add the spells Ensorcelled Hibernation and Anguish to
                  | your library.
  2368 | D:3      | HP: 7/32 [poisoned by an adder]
  2372 | D:3      | Mangled by an iguana

Vanquished Creatures
  Jessica (D:2)
  3 adders (D:2)
  2 worms
  3 dart slugs (D:1)
  8 bats
  10 endoplasms
  3 giant cockroaches
  6 goblins
  5 hobgoblins
  2 quokkas
  8 ball pythons
  4 frilled lizards
  5 kobolds (D:1)
  3 rats
63 creatures vanquished.

Vanquished Creatures (others)
  17 plants (D:1)
17 creatures vanquished.

Grand Total: 80 creatures vanquished

Table legend:
 A = Non-vault XP
 B = Vault XP
 C = Vault XP percentage of total XP
 D = Non-vault monster count
 E = Vault monster count
 F = Vault count percentage of total count
                 A         B        C        D         E       F
            +---------+---------+-------+---------+---------+-------
      Total |     151 |      40 |  20.9 |      60 |       3 |   4.8
            +---------+---------+-------+---------+---------+-------
        D:1 |      61 |       3 |   4.7 |      32 |       2 |   5.9
        D:2 |      63 |      37 |  37.0 |      14 |       1 |   6.7
        D:3 |      27 |       0 |   0.0 |      14 |       0 |   0.0
            +---------+---------+-------+---------+---------+-------

Illustrated notes

Table legend:
 A = Kills in this place as a percentage of kills in entire the game.
 B = Kills by you in this place as a percentage of kills by you in the entire game.
 C = Kills by friends in this place as a percentage of kills by friends in the entire game.
 D = Other kills in this place as a percentage of other kills in the entire game.
 E = Experience gained in this place as a percentage of experience gained in the entire game.
 F = Experience gained in this place divided by the number of levels of this place that you have seen.
                   A       B       C       D       E      F
               +-------+-------+-------+-------+-------+----------------------
         Total | 100.0 | 100.0 |   N/A |   N/A | 100.0 |  63.7
       Dungeon | 100.0 | 100.0 |   N/A |   N/A | 100.0 |  63.7
               +-------+-------+-------+-------+-------+----------------------

Table legend: (Time is in decaauts)
 A = Elapsed time spent in this place.
 B = Non-inter-level travel time spent in this place.
 C = Inter-level travel time spent in this place.
 D = Time resting spent in this place.
 E = Time spent auto-exploring this place.
 F = Levels seen in this place.
 G = Mean time per level.
                   A        B        C        D        E       F      G
               +--------+--------+--------+--------+--------+-----+--------+
         Total |   2360 |   2295 |     65 |     46 |   1744 |   3 |  786.7 |
       Dungeon |   2360 |   2295 |     65 |     46 |   1744 |   3 |  786.7 |
               +--------+--------+--------+--------+--------+-----+--------+

Top non-repeatable levels by time:
     D:1: 996 daAuts
     D:2: 899 daAuts
     D:3: 464 daAuts
